 Dungeon Crawl Stone Soup version 0.19-a0-1905-ge8b2aad (webtiles) character file.

177 Minion the Vexing (level 5, -10/25 HPs)
             Began as a Kobold Enchanter on Oct 21, 2016.
             Was an Initiate of Hepliaklqana.
             Shot with an arrow by a centaur (15 damage)
             ... on level 3 of the Dungeon.
             The game lasted 00:10:39 (2975 turns).

Minion the Vexing (Kobold Enchanter)                Turns: 2975, Time: 00:10:40

Health: -10/25     AC:  4    Str:  6    XL:     5   Next: 88%
Magic:  0/10       EV: 15    Int: 17    God:    Hepliaklqana [......]
Gold:   60         SH:  0    Dex: 15    Spells: 3 memorised, 5 levels left

rFire  . . .     SeeInvis .     a - +1 dagger
rCold  . . .     Gourm    .     b - +1 robe
rNeg   . . .     Faith    .     (shield restricted)
rPois  .         Spirit   .     (no helmet)
rElec  .         Reflect  .     (no cloak)
rCorr  .         Harm     .     (no gloves)
MR     .....                    s - +0 pair of boots
Stlth  +++.......               l - amulet of magic regeneration
                                (no ring)
                                h - ring of wizardry

@: no status effects
A: reduced essence, carnivore 3
a: Recall Ancestor, Ancestor Identity, Renounce Religion


You were on level 3 of the Dungeon.
You worshipped Hepliaklqana.
Hepliaklqana was noncommittal.
You were very full.

You visited 1 branch of the dungeon, and saw 3 of its levels.

You collected 60 gold pieces.

Inventory:

Hand Weapons
 a - a +1 dagger (weapon)
Armour
 b - a +1 robe (worn)
 s - a +0 pair of boots (worn)
Rods
 q - a +0 rod of ignition (13/13)
   (You found it on level 2 of the Dungeon)
Jewellery
 h - a ring of wizardry (left hand)
 l - an amulet of magic regeneration (around neck)
 p - an uncursed ring of stealth {unknown}
Scrolls
 e - 2 scrolls of blinking {unknown}
 f - 2 scrolls of remove curse {unknown}
 g - 6 scrolls of identify {unknown}
 i - a scroll of recharging {unknown}
 k - a scroll of enchant armour {unknown}
 m - 2 scrolls of noise {unknown}
 n - a scroll of teleportation {unknown}
Potions
 o - a potion of flight {unknown}
Books
 c - a book of Maledictions

   Spells                             Type                      Level
   a - Corona                         Hexes                        1
   b - Ensorcelled Hibernation        Hexes/Ice                    2
   c - Confuse                        Hexes                        3
   d - Tukima's Dance                 Hexes                        3
   e - Dazzling Spray                 Conjuration/Hexes            3
Comestibles
 d - a meat ration
 j - a beef jerky


   Skills:
 + Level 4.0 Short Blades
 - Level 2.4 Dodging
 - Level 4.0 Stealth
 + Level 3.5 Spellcasting
 + Level 4.4 Hexes


You had 5 spell levels left.
You knew the following spells:

 Your Spells              Type           Power        Failure   Level  Hunger
a - Corona                Hex            ###....      1%          1    None
b - Ensorcelled Hibernat  Hex/Ice        ##....       4%          2    ##.....
c - Tukima's Dance        Hex            ###.....     4%          3    ###....


Dungeon Overview and Level Annotations

Branches:
Dungeon (3/15)

Altars:
Hepliaklqana


Innate Abilities, Weirdness & Mutations

You are small and have problems with some larger weapons.
You are carnivorous and can eat meat at any time.
Your life essence is reduced. (-10% HP)


Message History

That would be overly suicidal.
Okay, then.
Casting: Tukima's Dance
Confirm with . or Enter, or press ? or * to list all spells.
Aiming: Tukima's Dance
Press: ? - help, Shift-Dir - straight line, f - centaur
Aim: a centaur, wielding a shortbow (not susceptible)
The shortbow vibrates crazily for a second.
The jackal barely misses Xochipepe.
Xochipepe barely misses the jackal.
Casting: Tukima's Dance
Confirm with . or Enter, or press ? or * to list all spells.
Aiming: Tukima's Dance
Press: ? - help, Shift-Dir - straight line, f/p - centaur
Aim: a centaur, wielding a shortbow (not susceptible)
The shortbow vibrates crazily for a second.
You hear the quick rusting of a distant drain.
The jackal barely misses Xochipepe.
The centaur shoots an arrow.
The arrow hits you!
Ouch! That really hurt!
You die...

#...............##
#.#...............
###.#............#..
####................#
#....##>#..........##
#.###.?....... #.
#.......###.
#)...#....##
######..@R#
#..†.h.....
#....###... c.l.... .
).......# .......$..#
....(.....#
..........#


You could see the friendly Xochipepe the ancestor, a centaur, a jackal and a
frilled lizard.

Vanquished Creatures
  A gnoll (D:3)
  4 adders (D:2)
  2 oozes (D:1)
  A worm (D:2)
  A dart slug (D:1)
  A leopard gecko (D:1)
  An orc (D:3)
  8 goblins
  6 hobgoblins
  8 jackals
  3 quokkas
  A ball python (D:1)
  7 bats
  A frilled lizard (D:1)
  7 kobolds
  5 rats
57 creatures vanquished.

Vanquished Creatures (collateral kills)
  An orc priest (D:3)
  3 adders
  2 orcs (D:3)
  A giant cockroach (D:3)
  A rat (D:3)
8 creatures vanquished.

Vanquished Creatures (others)
  2 dancing weapons (D:3)
  2 ancestors
4 creatures vanquished.

Grand Total: 69 creatures vanquished

Notes
Turn   | Place    | Note
-------+----------+-------------------------------------------
     0 | D:1      | Minion the Kobold Enchanter began the quest for the Orb.
     0 | D:1      | Reached XP level 1. HP: 10/10 MP: 3/3
   128 | D:1      | Reached XP level 2. HP: 15/15 MP: 5/5
   158 | D:1      | Learned a level 2 spell: Ensorcelled Hibernation
   407 | D:1      | Reached XP level 3. HP: 19/19 MP: 4/6
  1216 | D:2      | Reached XP level 4. HP: 18/24 MP: 1/8
  1542 | D:2      | Learned a level 3 spell: Tukima's Dance
  1808 | D:2      | Found a hazy altar of Hepliaklqana.
  2003 | D:2      | Became a worshipper of Hepliaklqana the Forgotten
  2035 | D:2      | Reached XP level 5. HP: 23/25 MP: 2/9
  2973 | D:3      | Noticed a centaur
  2975 | D:3      | Shot with an arrow by a centaur

Vault maps used:
D:1:      ncdulo_halloftheorcs
D:2:      lemuel_round_altar
D:3:      lightli_sewer_entry_pipes, minmay_crystal_room

Skill      XL: |  1  2  3  4  5 |
---------------+----------------+-----
Short Blades   | 2 3 4 |  4.0
Spellcasting   | 3 |  3.5
Hexes          | 4 |  4.4
Dodging        | |  2.4
Stealth        | |  4.0

Action                   |  1- 3 |  4- 6 || total
-------------------------+-------+-------++-------
Melee: Dagger            |    90 |   171 ||   261
 Cast: Corona            |     4 |       ||     4
       Ensorcelled Hiber |     9 |    17 ||    26
       Tukima's Dance    |       |    10 ||    10
  Use: Potion            |       |     2 ||     2
 Stab: Sleeping          |    17 |     4 ||    21
  Eat: Chunk             |     2 |    15 ||    17
Armor: Robe              |    11 |    43 ||    54
Dodge: Dodged            |    46 |   160 ||   206
